 Dungeon Crawl Stone Soup version 0.27-a0-681-g0c81a3c1c3 (webtiles) character file.

Game seed: 12945687010962396068

51 tilp the Sneak (level 3, 0/24 HPs)
             Began as an Octopode Transmuter on Mar 19, 2021.
             Slain by a goblin
             ... wielding a +0 club
             ... led by Robin
              (4 damage)
             ... on level 2 of the Dungeon.
             The game lasted 00:02:01 (941 turns).

tilp the Sneak (Octopode Transmuter)                 Turns: 941, Time: 00:02:01

Health: 0/24       AC:  1    Str:  9    XL:     3   Next: 81%
Magic:  0/6        EV: 13    Int: 16    God:
Gold:   90         SH:  0    Dex: 12    Spells: 3/6 levels left

rFire    . . .     SeeInvis .     - Unarmed
rCold    . . .     Faith    .   (no shield)
rNeg     . . .     Spirit   +   (helmet restricted)
rPois    .         Reflect  .   d - amulet of guardian spirit
rElec    .         Harm     .   (no ring)
rCorr    .         Rampage  .   (no ring)
Will     .....                  (no ring)
Stlth    +++.......             (no ring)
HPRegen  0.08/turn              (no ring)
MPRegen  0.10/turn              (no ring)
                                (no ring)
                                (no ring)

@: wereblooded
A: almost no armour, amphibious, 8 rings, camouflage 1, gelatinous body 1,
nimble swimmer 1, tentacles
a: no special abilities


You were on level 2 of the Dungeon.
You visited 1 branch of the dungeon, and saw 2 of its levels.

You collected 90 gold pieces.

Inventory:

Missiles
 b - 20 stones
 g - 7 boomerangs (quivered)
Jewellery
 d - an amulet of guardian spirit (around mantle)
Scrolls
 a - 2 scrolls of identify {unknown}
 c - a scroll of amnesia {unknown}
 e - a scroll of teleportation {unknown}


   Skills:
 + Level 2.1 Fighting
 - Level 2.0 Dodging
 - Level 4.0 Stealth
 - Level 3.0 Unarmed Combat
 - Level 2.0 Spellcasting
 - Level 2.0 Transmutations


You had 3 spell levels left.
You knew the following spells:

 Your Spells              Type           Power      Damage    Failure   Level
a - Beastly Appendage     Tmut           16%        N/A       9%          1
b - Wereblood             Tmut           8%         N/A       14%         2

Your spell library contained the following spells:

 Spells                   Type           Power      Damage    Failure   Level
 Spider Form              Tmut/Pois      2%         N/A       38%         3
 Ice Form                 Ice/Tmut       4%         N/A       80%         4
 Blade Hands              Tmut           4%         N/A       94%         5


Dungeon Overview and Level Annotations

Branches:
Dungeon (2/15)

Altars:

Annotations:
D:2 exclusion: sky beast


Innate Abilities, Weirdness & Mutations

You cannot wear most types of armour.
You are amphibious.
You can wear up to eight rings at the same time.
Your skin changes colour to match your surroundings (Stealth+).
Your rubbery body absorbs attacks. (AC +1, EV +1)
You are stealthy while swimming. (Stealth+)
You have tentacles for arms and can constrict up to eight enemies at once.


Message History

Robin is lightly wounded.
Your transformation is almost over.
You constrict Robin.
You hear a shout! x2
Robin hits you with a +0 short sword!
* * * LOW HITPOINT WARNING * * *
You tentacle-slap Robin.
You pierce Robin.
You tentacle-slap Robin.
Robin is severely wounded.
You constrict Robin. Robin closely misses you.
You tentacle-slap Robin.
Robin is almost dead.
You howl as the wereblood boils in your veins!
You constrict Robin. Robin closely misses you.
You tentacle-slap Robin.
You kill Robin!
Your Fighting skill increases to level 2!
You start resting.
A hobgoblin comes into view.
A hobgoblin is nearby!
You tentacle-slap the hobgoblin. Your grab misses the hobgoblin.
You pierce the hobgoblin.
You kill the hobgoblin!
You are too injured to fight recklessly!
Throw: 7 boomerangs
Press: ? - help, Q - select action, (/) - cycle Shift-Dir - straight line, f - goblin
Aim: a goblin, wielding a +1 dagger of pain (wandering, hasn't noticed you, 55% to hit)
You throw a boomerang.
The boomerang closely misses the goblin.
The goblin shouts!
The goblin hits you with a +1 dagger of pain.
* * * LOW HITPOINT WARNING * * *
You closely miss the goblin. Your grab misses the goblin.
A goblin comes into view. It is wielding a +0 club.
The goblin completely misses you.
You tentacle-slap the goblin.
You kill the goblin!
Your tentacle spike disappears.
You closely miss the goblin. Your grab misses the goblin.
The goblin hits you with a +0 club.
You die...

####$.$..... ....#
††......##..###..##
..............<...###
.g..................##
.................#...#.
......##..###)#......
#g).##.# #........
####g##.####........
#..@.............<..
#...................
#.........#####...#.
#.........# ####
#.........# #.........#
#.........# #.........#
###########


You could see a goblin.

Vanquished Creatures
  Robin (D:2)
  A leopard gecko (D:1)
  2 bats (D:1)
  A giant cockroach (D:1)
  13 goblins
  4 hobgoblins
  4 jackals (D:1)
  A quokka (D:2)
  3 kobolds (D:1)
  2 rats (D:1)
32 creatures vanquished.

Notes
Turn   | Place    | Note
-------+----------+-------------------------------------------
     0 | D:1      | tilp the Octopode Transmuter began the quest for the Orb.
     0 | D:1      | Reached XP level 1. HP: 13/13 MP: 3/3
    28 | D:1      | Reached skill level 1 in Stealth
   240 | D:1      | Reached skill level 2 in Stealth
   242 | D:1      | Reached XP level 2. HP: 18/18 MP: 3/5
   245 | D:1      | Learned a level 2 spell: Wereblood
   461 | D:1      | Reached skill level 3 in Stealth
   693 | D:1      | Reached XP level 3. HP: 20/23 MP: 2/6
   786 | D:2      | Noticed a sky beast
   837 | D:2      | Reached skill level 4 in Stealth
   930 | D:2      | Noticed Robin
   934 | D:2      | Killed Robin
   941 | D:2      | Slain by a goblin

Illustrated notes

Levels and vault maps discovered:
D:1:      amcnicky_arrival_single_pillar, layout_basic
D:2:      layout_rooms, nzn_hepliaklqana_mist_gate, minmay_fractal_squares_5,
          uniq_robin, uniq_terence

Skill      XL: |  1  2  3 |
---------------+----------+-----
Stealth        | 2 3 4 |  4.0
Fighting       | 2 |  2.1
Dodging        | |  2.0
Unarmed Combat | |  3.0
Spellcasting   | |  2.0
Transmutations | |  2.0

Action                   || total
-------------------------++-------
Melee: Unarmed           ||    62
       Constrict         ||    14
       Tentacles         ||    11
       Kick              ||     6
       Punch             ||     1
Throw: Boomerang         ||    10
 Cast: Beastly Appendage ||    12
       Wereblood         ||     4
  Use: Scroll            ||     1
 Stab: Sleeping          ||     3
Armor: Skin              ||     3
Dodge: Dodged            ||    25

Table legend: (Time is in decaauts)
 A = Elapsed time spent in this place.
 B = Non-inter-level travel time spent in this place.
 C = Inter-level travel time spent in this place.
 D = Time resting spent in this place.
 E = Time spent auto-exploring this place.
 F = Levels seen in this place.
 G = Mean time per level.
                   A        B        C        D        E       F      G
               +--------+--------+--------+--------+--------+-----+--------+
         Total |    939 |    907 |     32 |     71 |    610 |   2 |  469.5 |
       Dungeon |    939 |    907 |     32 |     71 |    610 |   2 |  469.5 |
               +--------+--------+--------+--------+--------+-----+--------+

Top non-repeatable levels by time:
     D:1: 784 daAuts
     D:2: 154 daAuts
